 Dungeon Crawl Stone Soup version 0.24-a0-169-g71aafec (webtiles) character file.

Game seed: 13401162650939604910

365725 Inarius the Cloud Mage (level 21, 0/149 HPs)
             Began as a Demonspawn Air Elementalist on Mar 6, 2019.
             Was the Champion of Vehumet.
             Slain by a spark wasp (21 damage)
             ... on level 2 of the Depths on Mar 7, 2019.
             The game lasted 04:32:02 (68427 turns).

Inarius the Cloud Mage (DsAE)                      Turns: 68427, Time: 04:32:03

Health: 0/149      AC: 11    Str:  5    XL:     21   Next: 58%
Magic:  0/39       EV: 21    Int: 33    God:    Vehumet [******]
Gold:   1602       SH: 13    Dex: 32    Spells: 5/48 levels left

rFire    + + +     SeeInvis .   f - +1 rapier of Accidental Termination {drain, rElec rN+ Stlth-}
rCold    + + .     Gourm    .   g - +2 shield of Resistance {rF+ rC+ MR+}
rNeg     + . .     Faith    .   E - +3 leather armour "Qaxuest" {Dex+8}
rPois    .         Spirit   +   (helmet unavailable)
rElec    +         Reflect  .   i - +0 cloak
rCorr    .         Harm     .   V - +2 pair of gloves
MR       +++..                  m - +0 pair of boots
Stlth    +.........             U - amulet "Gelalui" {Acrobat Str-4 Int+3 Dex+8 Stlth-}
HPRegen  0.34/turn              L - ring of Nosior {rF+ Int+6}
MPRegen  0.52/turn              Y - ring of Leshrutro {rC+ MR+}

@: very slightly contaminated
A: horns 3, fire resistance 1, powered by death 2, magic shield, magic
regeneration, flame cloud immunity, sturdy frame 2
}: 2/15 runes: decaying, serpentine
a: Renounce Religion


You were on level 2 of the Depths.
You worshipped Vehumet.
Vehumet was exalted by your worship.
You were not hungry.

You visited 8 branches of the dungeon, and saw 39 of its levels.
You also visited: Bailey and Wizlab.

You collected 4055 gold pieces.
You spent 2453 gold pieces at shops.

Inventory:

Hand Weapons
 a - the +2 falchion "Rojan" {venom, rPois rF+}
   (You found it on level 7 of the Dungeon)

   It poisons the flesh of those it strikes.
   It protects you from fire.
   It protects you from poison.
 f - the +1 rapier of Accidental Termination (weapon) {drain, rElec rN+ Stlth-}
   (You found it in a bailey)

   A truly terrible weapon, it drains the life of those it strikes.
   It insulates you from electricity.
   It protects you from negative energy.
   It makes you less stealthy.
Armour
 g - the +2 shield of Resistance (worn) {rF+ rC+ MR+}
   (You acquired it on level 2 of the Orcish Mines)

   It protects you from fire.
   It protects you from cold.
   It affects your resistance to hostile enchantments.
 i - a +0 cloak (worn)
 m - a +0 pair of boots (worn)
 E - the +3 leather armour "Qaxuest" (worn) {Dex+8}
   (You found it on level 6 of the Dungeon)

   It affects your dexterity (+8).
 V - a +2 pair of gloves (worn)
Magical Staves
 j - an uncursed staff of cold
 I - an uncursed staff of air
Jewellery
 b - an uncursed ring of see invisible
 r - an uncursed ring of magical power
 F - an uncursed ring of positive energy
 L - the ring of Nosior (left hand) {rF+ Int+6}
   (You took it off an entropy weaver on level 2 of the Vaults)

   [ring of protection from fire]

   It affects your intelligence (+6).
   It protects you from fire.
 U - the amulet "Gelalui" (around neck) {Acrobat Str-4 Int+3 Dex+8 Stlth-}
   (You bought it in a shop on level 14 of the Dungeon)

   [amulet of the acrobat]

   It helps you evade while moving and waiting.
   It affects your strength (-4).
   It affects your intelligence (+3).
   It affects your dexterity (+8).
   It makes you less stealthy.
 Y - the ring of Leshrutro (right hand) {rC+ MR+}
   (You acquired it on level 2 of the Orcish Mines)

   [ring of protection from magic]

   It protects you from cold.
   It affects your resistance to hostile enchantments.
Wands
 q - a wand of scattershot (13)
 x - a wand of flame (15)
 G - a wand of enslavement (15)
 J - a wand of paralysis (2)
 P - a wand of clouds (16)
 X - a wand of iceblast (8)
 Z - a wand of disintegration (9)
Scrolls
 d - 22 scrolls of remove curse
 h - 6 scrolls of enchant armour
 n - a scroll of fear
 s - 14 scrolls of teleportation
 v - 8 scrolls of blinking
 y - 8 scrolls of identify
 A - 4 scrolls of immolation
 B - 6 scrolls of fog
 D - 5 scrolls of magic mapping
 M - a scroll of summoning
 O - 3 scrolls of enchant weapon
Potions
 e - 2 potions of invisibility
 k - 3 potions of mutation
 l - 15 potions of curing
 o - 6 potions of agility
 p - 9 potions of brilliance
 u - 6 potions of might
 w - 2 potions of berserk rage
 z - 5 potions of heal wounds
 C - 7 potions of lignification
 H - 6 potions of haste
 N - 5 potions of cancellation
 Q - a potion of ambrosia
 S - 3 potions of flight
 T - 3 potions of magic
 W - a potion of resistance
Miscellaneous
 K - 2 phantom mirrors
 R - a lamp of fire
Comestibles
 c - 39 rations
 t - 2 chunks of flesh


   Skills:
 * Level 8.9 Fighting
 - Level 3.5(3.6) Short Blades
 - Level 1.0(2.4) Long Blades
 + Level 3.1 Armour
 + Level 8.8 Dodging
 - Level 2.0 Stealth
 + Level 7.9 Shields
 + Level 14.4 Spellcasting
 * Level 13.4 Conjurations
 + Level 3.4 Summonings
 + Level 0.2 Ice Magic
 * Level 23.6 Air Magic
 + Level 9.1 Evocations


You had 5 spell levels left.
You knew the following spells:

 Your Spells              Type           Power        Failure   Level  Hunger
a - Spellforged Servitor  Conj/Summ      ######....   28%         7    #####..
b - Airstrike             Air            ########..   0%          4    None
c - Lightning Bolt        Conj/Air       #######...   1%          5    None
d - Swiftness             Chrm/Air       #######.     1%          2    None
e - Orb of Destruction    Conj           #######...   4%          7    #####..
f - Summon Lightning Spi  Summ/Air       #######.     1%          4    None
g - Bolt of Cold          Conj/Ice       ######....   11%         6    ###....
h - Chain Lightning       Conj/Air       #######...   4%          8    ######.

Your spell library contained the following spells:

 Spells                   Type           Power        Failure   Level  Hunger
 Ignition                 Fire           ###.......   100%        8    ######.
 Shatter                  Erth           ###.......   100%        9    #######
 Magic Dart               Conj           ####         0%          1    None
 Shock                    Conj/Air       ####         0%          1    None
 Static Discharge         Conj/Air       #######.     0%          3    None
 Flame Tongue             Conj/Fire      #####        1%          1    None
 Freeze                   Ice            ####         1%          1    None
 Summon Butterflies       Summ           #####...     1%          1    None
 Summon Small Mammal      Summ           ####         1%          1    None
 Call Imp                 Summ           #####...     1%          2    None
 Searing Ray              Conj           ######       1%          2    None
 Throw Frost              Conj/Ice       ######       1%          2    None
 Conjure Flame            Conj/Fire      ######..     1%          3    None
 Dazzling Spray           Conj/Hex       ######       1%          3    None
 Force Lance              Conj/Tloc      ######..     1%          4    None
 Fulminant Prism          Conj/Hex       ######....   1%          4    None
 Iskenderun's Mystic Bla  Conj           #######.     1%          4    None
 Throw Icicle             Conj/Ice       ######..     1%          4    None
 Iskenderun's Battlesphe  Conj/Chrm      ######..     2%          5    None
 Venom Bolt               Conj/Pois      ######....   2%          5    None
 Call Canine Familiar     Summ           #####...     3%          3    None
 Apportation              Tloc           ###...       4%          1    None
 Confusing Touch          Hex            ###...       4%          1    None
 Corona                   Hex            ###....      4%          1    None
 Bolt of Magma            Conj/Fire/Erth ######....   5%          5    None
 Ensorcelled Hibernation  Hex/Ice        ###...       6%          2    None
 Blink                    Tloc           N/A          7%          2    None
 Shroud of Golubria       Chrm/Tloc      ###.......   7%          2    None
 Summon Guardian Golem    Hex/Summ       #####...     7%          3    None
 Confuse                  Hex            ###.....     13%         3    None
 Gell's Gravitas          Tloc           ###.......   13%         3    None
 Lesser Beckoning         Tloc           ###.......   13%         3    None
 Ozocubu's Armour         Chrm/Ice       ###.....     13%         3    None
 Portal Projectile        Hex/Tloc       ###...       13%         3    None
 Teleport Other           Tloc           ###.....     13%         3    None
 Tukima's Dance           Hex            ###.....     13%         3    None
 Summon Ice Beast         Ice/Summ       #####...     21%         4    None
 Yara's Violent Unravell  Hex/Tmut       ###.......   30%         5    None
 Passage of Golubria      Tloc           N/A          41%         4    None
 Petrify                  Tmut/Erth      ###.....     41%         4    None
 Metabolic Englaciation   Hex/Ice        ###.......   75%         5    None
 Alistair's Intoxication  Tmut/Pois      ###.....     77%         5    None
 Iron Shot                Conj/Erth      ######....   12%         6    ###....
 Dispersal                Tloc           ###.......   100%        6    ###....
 Invisibility             Hex            ###.....     100%        6    ###....
 Controlled Blink         Tloc           N/A          100%        8    ######.
 Disjunction              Tloc           ###.......   100%        8    ######.


Dungeon Overview and Level Annotations

Branches:
Dungeon (15/15)            Temple (0/1) D:7            Lair (6/6) D:8
  Swamp (4/4) Lair:4        Snake (4/4) Lair:4        Slime (0/5) Lair:6
    Orc (2/2) D:11            Elf (2/3) Orc:2        Vaults (4/5) D:14
  Crypt (0/3) Vaults:3     Depths (2/5) D:15

Altars:
Cheibriados
Gozag
Hepliaklqana
Nemelex Xobeh
Okawaru
Qazlal
Uskayaw
Vehumet
Xom
Zin
The Shining One
Beogh

Shops:
D:5 *   D:7 *   D:8 *   D:10 :   D:14 =   Orc:1 [   Orc:2 :?=[!*   Elf:1 [

Portals:
Hell: Depths:1
Abyss: Depths:1
Ziggurat: Depths:1

Annotations:
D:10 1 runed translucent door, arkorax's ghost, journeyman OpMo
Swamp:2 exclusion: Roxanne, Roxanne
Vaults:2 3 runed translucent doors, Mgcat's ghost, master DEEE
Depths:1 exclusion: orange crystal statue


Innate Abilities, Weirdness & Mutations

You have a pair of large horns on your head.
Your flesh is heat resistant. (rF+)
You regenerate health from kills.
When hurt, damage is shared between your health and your magic reserves.
You regenerate magic rapidly.
You are immune to clouds of flame.
Your movements are less encumbered by armour. (ER -4)


Message History

Aim: a juggernaut (almost dead)
The air twists around and strikes the juggernaut but does no damage.
The fire giant drinks a potion.
The fire giant flickers and vanishes!
Deactivating autopickup; reactivate with Ctrl-A.
The juggernaut hits you!!!
* * * LOW HITPOINT WARNING * * *
The juggernaut hits you!!
* * * LOW HITPOINT WARNING * * *
Your lightning spire shoots out a bolt of lightning at the juggernaut!
The bolt of electricity hits the juggernaut!
Blink to where?
Press: ? - help, Dir - move target cursor, p - juggernaut You are very lightly contaminated with residual magic.
As you read the scroll of blinking, it crumbles to dust.
You feel much better.
The spark wasp bursts into living lightning!
The living lightning misses you. x2; The spark wasp blinks! x3
There is a stone staircase leading up here.
The spark wasp completely misses you. The spark wasp stings you!!
You die...

#..# #.# ##.#
#..##.# #.#
#..#.# #.#
#...# #.#
#..########.#
#........##.#
#.#####...#.#
#.y.......#.#
#.#@.(#.#.#.#
#.###...#.#.#
#.# ###.#.#.#
#§# ##.##...#
#[###†#######
#[#8..#####
#.§C........
#.....#####.
#.#?.<#


You could see a spark wasp.

Vanquished Creatures
  Saint Roka (Orc:2)
  Jory (Vaults:3)
  A lich (Depths:2)
  Jorgrun (Orc:2)
  Asterion (Snake:4)
  Gastronok (Lair:1)
  An ancient champion (Vaults:3)
  Frances (D:12)
  The ghost of Musoz the Impaler, an adept MfIE of Makhleb (Snake:3)
  Donald (Elf:2)
  A tengu reaver (Depths:2)
  4 nagarajas (Snake:4)
  An orc warlord (Bailey)
  5 vault wardens
  Aizul (Snake:1)
  Louise (Snake:3)
  A deep elf sorcerer (Elf:2)
  A caustic shrike zombie (Depths:1)
  2 very ugly things (Vaults:4)
  2 stone giants
  A war gargoyle (Vaults:4)
  6 ironheart preservers
  8 purple draconians (WizLab)
  Nessos (D:13)
  An entropy weaver (Vaults:2)
  2 deep elf annihilators
  2 deep elf demonologists
  3 ettins
  An eidolon (Vaults:3)
  9 statues (WizLab)
  A deep elf death mage (Elf:1)
  2 jiangshi (Depths:1)
  A fire dragon (Vaults:3)
  11 ogre magi
  3 rakshasas
  Josephine (Snake:1)
  5 yaktaur captains
  4 great orbs of eyes
  6 naga warriors (Snake:4)
  2 vault guards (Vaults:3)
  A servant of whispers (Elf:2)
  Erolcha (D:11)
  A peacekeeper (Elf:1)
  15 hydras
  4 ice dragons
  5 shambling mangroves
  5 anacondas
  Erica (D:10)
  2 centaur warriors
  28 two-headed ogres
  18 dancing weapons
  4 deep troll shamans
  A death knight (D:14)
  6 alligators
  4 tengu warriors
  3 deep troll earth magi
  5 naga sharpshooters
  9 orc high priests (Orc:2)
  11 deep elf knights
  8 shock serpents
  A spriggan berserker (Depths:2)
  An iron troll (Depths:2)
  A hell knight (Vaults:2)
  A salamander mystic (Snake:4)
  6 unseen horrors
  A storm dragon skeleton (Vaults:4)
  6 deep trolls
  2 glowing orange brains
  4 spriggan druids
  6 deep elf archers
  A flayed ghost (Vaults:4)
  A swamp dragon (shapeshifter) (Vaults:3)
  An orange crystal statue (Depths:1)
  2 naga ritualists (Snake:4)
  9 swamp dragons
  2 skeletal warriors (Vaults:3)
  The ghost of Sagrath01 the Cleaver, a novice DsGl of Hepliaklqana (D:6)
  A phantasmal warrior (Vaults:4)
  3 necromancers
  6 wizards
  5 orc knights
  56 deep elf magi
  6 harpies
  12 ironbrand convokers
  6 mana vipers
  A manticore (D:13)
  39 ugly things
  3 orc sorcerers
  2 wolf spiders
  5 salamanders
  5 oklob plants
  A frost giant skeleton (Vaults:4)
  4 centaur zombies
  6 cyclopes
  6 vault sentinels
  8 elephants (Lair:5)
  A guardian serpent (Snake:1)
  30 black mambas
  10 naga magi
  23 spiny frogs
  A rime drake (shapeshifter) (Depths:1)
  A torpor snail (Lair:2)
  A gargoyle (D:10)
  3 freezing wraiths
  A rime drake (Lair:4)
  15 yaktaurs
  5 komodo dragons
  A tengu conjurer (D:15)
  8 trolls
  9 tyrant leeches
  A saltling (Elf:1)
  Grinder (D:5)
  5 bog bodies
  A tyrant leech (shapeshifter) (Vaults:2)
  A queen bee (shapeshifter) (Vaults:4)
  16 hornets
  31 blink frogs
  14 slime creatures
  A stone giant simulacrum (Vaults:2)
  2 large abominations (Depths:1)
  An air elemental (Elf:2)
  2 shadows
  4 water elementals
  A redback (shapeshifter) (Vaults:4)
  11 hippogriffs
  3 centaur simulacra (D:15)
  6 wraiths
  2 wyverns (D:10)
  20 yaks
  A vampire (D:14)
  10 spriggans
  A tarantella (Vaults:2)
  Eustachio (D:5)
  5 chaos spawn (Depths:1)
  2 fire elementals (Elf:1)
  A hog (shapeshifter) (D:13)
  A hog (Swamp:2)
  19 vampire mosquitoes
  4 hungry ghosts
  Grum (Lair:1)
  A spriggan simulacrum (Depths:1)
  11 swamp worms
  30 insubstantial wisps
  5 wargs
  4 soldier ants
  An acid dragon (D:11)
  29 nagas
  2 floating eyes
  8 water moccasins
  16 porcupines
  26 orc warriors
  A floating eye (shapeshifter) (Elf:1)
  6 swamp drakes
  8 sky beasts
  A necrophage (D:12)
  2 black bears (D:8)
  28 ogres
  A phantom (D:8)
  9 boggarts
  6 wolves
  26 centaurs
  3 small abominations (Depths:1)
  6 big kobolds
  11 crocodiles
  Blork the orc (D:6)
  A gnoll sergeant (D:8)
  An earth elemental (Elf:2)
  31 bullfrogs
  A wyvern zombie (D:11)
  2 water moccasin zombies
  5 scorpions
  5 jellies
  A water moccasin skeleton (D:9)
  20 killer bees
  4 human simulacra
  13 wights
  8 electric eels
  8 crimson imps
  3 bullfrog zombies (D:4)
  A quasit (D:12)
  A gnoll shaman (D:7)
  3 bullfrog skeletons
  30 orc priests
  7 centaur skeletons
  5 hounds
  5 iguanas
  9 orc wizards
  2 worker ants
  Terence (D:2)
  A hound zombie (D:4)
  A hound skeleton (D:7)
  4 worker ant zombies
  10 gnolls
  2 howler monkey skeletons
  14 adders
  5 shadow imps
  An ooze (D:3)
  2 adder zombies
  3 adder skeletons
  3 dart slugs
  7 leopard geckos
  79 orcs
  A giant cockroach (shapeshifter) (Depths:2)
  4 giant cockroaches
  16 goblins
  20 hobgoblins
  10 jackals
  11 quokkas
  4 bats
  3 giant cockroach zombies (D:4)
  A jackal skeleton (D:4)
  3 jackal zombies (D:4)
  63 kobolds
  3 leopard gecko skeletons
  2 quokka skeletons
  5 rats
  2 fungi
  2 plants
1421 creatures vanquished.

Vanquished Creatures (collateral kills)
  Vashnia (Snake:2)
  A deep elf blademaster (Elf:1)
  2 thorn hunters (Swamp:4)
  Kirke (Swamp:2)
  2 nagarajas (Snake:4)
  A vault warden (Vaults:2)
  2 ironheart preservers
  A stone giant (Vaults:3)
  An entropy weaver (shapeshifter) (Depths:1)
  A deep elf demonologist (Vaults:2)
  2 purple draconians (WizLab)
  A jiangshi (Depths:1)
  2 yaktaur captains
  An ice dragon (Vaults:1)
  9 hydras
  8 naga warriors
  A rakshasa (Vaults:3)
  2 centaur warriors (Depths:1)
  4 two-headed ogres
  3 anacondas
  A deep troll shaman (Depths:2)
  4 alligators
  2 orc high priests (Orc:2)
  A vampire mage (Depths:1)
  7 deep elf knights
  5 naga sharpshooters
  A salamander mystic (Snake:4)
  A deep troll (Depths:2)
  8 naga ritualists (Snake:4)
  6 deep elf archers
  An ironbrand convoker (Vaults:1)
  6 orc knights
  8 deep elf magi
  6 swamp dragons
  5 mana vipers
  2 wolf spider zombies (D:15)
  A frost giant zombie (Vaults:4)
  13 ugly things
  A wolf spider (Vaults:3)
  A cyclops (Vaults:2)
  A fire giant skeleton (Depths:1)
  4 salamanders
  2 large abominations (Depths:1)
  9 black mambas
  3 vault sentinels
  9 naga magi
  2 guardian serpents (Snake:4)
  A salamander (shapeshifter) (Elf:2)
  14 spiny frogs
  A komodo dragon (Lair:5)
  6 yaktaurs
  2 freezing wraiths
  2 hornets
  13 blink frogs
  8 tyrant leeches
  13 slime creatures
  8 bog bodies
  2 wraiths (Snake:1)
  A shadow (Swamp:3)
  5 spriggans
  A spriggan (shapeshifter) (Vaults:2)
  A spriggan simulacrum (Depths:1)
  A water elemental (Elf:2)
  5 yaks
  A human (shapeshifter) (Vaults:2)
  8 swamp worms
  2 vampire mosquitoes
  26 nagas
  2 wargs
  A water moccasin (Lair:1)
  2 porcupines (Lair:4)
  5 orc warriors
  4 ogres
  A wolf (Lair:2)
  A centaur (Lair:2)
  A phantom (D:14)
  A big kobold (D:13)
  3 crocodiles
  3 bullfrogs
  6 orc priests
  2 orc wizards
  A shadow imp (D:14)
  7 orcs
  A goblin (Orc:1)
  A kobold (D:13)
  4 briar patches (Swamp:4)
  A fungus (Lair:5)
324 creatures vanquished.

Vanquished Creatures (others)
  Nikola (Swamp:2)
  2 deep elf knights (Elf:2)
  13 ball lightnings
  3 humans (Swamp:2)
  2 swamp drakes (Swamp:4)
  2 briar patches (Swamp:4)
  35 fungi
  64 plants
122 creatures vanquished.

Grand Total: 1867 creatures vanquished

Notes
Turn   | Place    | Note
-------+----------+-------------------------------------------
     0 | D:1      | Inarius the Demonspawn Air Elementalist began the quest for
                  | the Orb.
     0 | D:1      | Reached XP level 1. HP: 13/13 MP: 3/3
   541 | D:1      | Reached skill level 3 in Air Magic
   695 | D:1      | Gained mutation: When hurt, damage is shared between your
                  | health and your magic reserves. [demonic ancestry]
   695 | D:1      | Reached XP level 2. HP: 19/19 MP: 1/5
  1365 | D:2      | Reached XP level 3. HP: 24/24 MP: 2/6
  2044 | D:2      | Noticed Terence
  2106 | D:2      | Killed Terence
  2106 | D:2      | Gained mutation: Your movements are slightly less
                  | encumbered by armour. (ER -2) [demonic ancestry]
  2106 | D:2      | Reached XP level 4. HP: 23/30 MP: 0/7
  2188 | D:2      | Learned a level 4 spell: Airstrike
  2560 | D:3      | Reached skill level 4 in Air Magic
  2790 | D:3      | Found a radiant altar of Vehumet.
  2809 | D:3      | Became a worshipper of Vehumet
  3075 | D:4      | Gained mutation: You have a pair of small horns on your
                  | head. [demonic ancestry]
  3075 | D:4      | Reached XP level 5. HP: 33/35 MP: 9/9
  3415 | D:4      | Gained mutation: You have a pair of horns on your head.
                  | [demonic ancestry]
  3415 | D:4      | Reached XP level 6. HP: 36/41 MP: 8/11
  3786 | D:4      | Learned a level 5 spell: Lightning Bolt
  3825 | D:4      | Found a glowing golden altar of the Shining One.
  3863 | D:4      | Reached skill level 5 in Air Magic
  3974 | D:4      | Reached * piety under Vehumet
  3974 | D:4      | Offered knowledge of Sandblast by Vehumet.
  4185 | D:4      | Reached skill level 1 in Armour
  4430 | D:5      | Entered Level 5 of the Dungeon
  4430 | D:5      | Noticed a hungry ghost
  4479 | D:5      | Noticed a sky beast
  4611 | D:5      | Killed a hungry ghost
  4611 | D:5      | Gained mutation: You regenerate a little health from kills.
                  | [demonic ancestry]
  4611 | D:5      | Reached XP level 7. HP: 47/47 MP: 13/13
  5173 | D:5      | Noticed Grinder
  5185 | D:5      | Killed Grinder
  5185 | D:5      | Reached skill level 6 in Air Magic
  5185 | D:5      | Gained mutation: You have a pair of large horns on your
                  | head. [demonic ancestry]
  5185 | D:5      | Reached XP level 8. HP: 49/53 MP: 9/15
  5302 | D:5      | Found a shimmering altar of Xom.
  5305 | D:5      | Found a stormy altar of Qazlal.
  5308 | D:5      | Found a hazy altar of Hepliaklqana.
  5378 | D:5      | Reached ** piety under Vehumet
  5378 | D:5      | Offered knowledge of Throw Frost by Vehumet.
  5452 | D:5      | Learned a level 2 spell: Swiftness
  5459 | D:5      | Noticed Eustachio
  5542 | D:5      | Killed Eustachio
  5542 | D:5      | Reached skill level 1 in Fighting
  5542 | D:5      | Reached skill level 1 in Shields
  5542 | D:5      | Reached skill level 5 in Spellcasting
  5962 | D:5      | Found Iwak's Assorted Antiques.
  6022 | D:5      | Bought a scroll labeled USTREDU VIAW for 28 gold pieces
  6022 | D:5      | Bought a murky amethyst potion for 25 gold pieces
  6022 | D:5      | Bought a scroll labeled LOORAD WEUXIXUFF for 28 gold pieces
  6022 | D:5      | Bought a scroll labeled LOADUA QEFRAA for 28 gold pieces
  6358 | D:6      | Reached skill level 7 in Air Magic
  6369 | D:6      | Found a runed translucent door.
  6382 | D:6      | Got an ancient leather armour
  6387 | D:6      | Got a spiked leather armour
  6391 | D:6      | Identified the +3 leather armour "Qaxuest" {Dex+8} (You
                  | found it on level 6 of the Dungeon)
  6475 | D:6      | Offered knowledge of Searing Ray by Vehumet.
  6477 | D:6      | Reached skill level 1 in Short Blades
  6489 | D:6      | Reached XP level 9. HP: 59/59 MP: 14/17
  6632 | D:6      | Identified the +2 leather armour "Robyfar" {rCorr} (You
                  | found it on level 6 of the Dungeon)
  6728 | D:6      | Noticed Sagrath01's ghost (novice DsGl)
  6781 | D:6      | Reached *** piety under Vehumet
  6938 | D:6      | Noticed Blork the orc
  6964 | D:6      | Killed Blork the orc
  6964 | D:6      | Reached skill level 8 in Air Magic
  7068 | D:7      | Found an iron altar of Okawaru.
  7074 | D:7      | Reached skill level 5 in Conjurations
  7105 | D:7      | Got a crude falchion
  7106 | D:7      | Identified the +2 falchion "Rojan" {venom, rPois rF+} (You
                  | found it on level 7 of the Dungeon)
  7268 | D:7      | Found a sparkling altar of Nemelex Xobeh.
  7317 | D:7      | Found Yhuwimp's General Store.
  7339 | D:7      | Bought a scroll of fog for 20 gold pieces
  7339 | D:7      | Bought a scroll of teleportation for 30 gold pieces
  7339 | D:7      | Bought a scroll of blinking for 75 gold pieces
  7339 | D:7      | Bought a potion of curing for 30 gold pieces
  7339 | D:7      | Bought a scroll of identify for 20 gold pieces
  7459 | D:7      | Offered knowledge of Iskenderun's Mystic Blast by Vehumet.
  7554 | D:7      | Found a staircase to the Ecumenical Temple.
  8211 | D:8      | Found a hide-covered altar of Uskayaw.
  8293 | D:8      | Reached **** piety under Vehumet
  8293 | D:8      | Reached skill level 9 in Air Magic
  8316 | D:8      | Reached XP level 10. HP: 63/66 MP: 20/20
  8394 | D:8      | Offered knowledge of Yara's Violent Unravelling by Vehumet.
  8621 | D:8      | Found a staircase to the Lair.
  8792 | D:8      | Found Timpav's Assorted Antiques.
  8803 | D:8      | Bought a silvery potion for 19 gold pieces
  8803 | D:8      | Bought an ivory wand for 88 gold pieces
  9588 | D:9      | Found a glowing silver altar of Zin.
  9589 | D:9      | Noticed an angel
  9704 | D:9      | Reached skill level 1 in Evocations
 10352 | D:8      | Got a warped chain mail
 10353 | D:8      | Identified the +6 chain mail of Wuizee {rF+ Dex+5} (You
                  | found it on level 8 of the Dungeon)
 10594 | D:10     | Entered Level 10 of the Dungeon
 11089 | D:10     | Reached ***** piety under Vehumet
 11089 | D:10     | Offered knowledge of Conjure Ball Lightning by Vehumet.
 11092 | D:10     | Reached skill level 10 in Air Magic
 11167 | D:10     | Noticed Erica
 11342 | D:10     | Killed Erica
 11342 | D:10     | Noticed arkorax's ghost (journeyman OpMo)
 11342 | D:10     | Noticed a gargoyle
 11348 | D:10     | Killed a gargoyle
 11489 | D:10     | Gained mutation: Your movements are less encumbered by
                  | armour. (ER -4) [demonic ancestry]
 11489 | D:10     | Reached XP level 11. HP: 76/76 MP: 22/22
 11536 | D:10     | Learned a level 6 spell: Conjure Ball Lightning
 11547 | D:10     | Found Atzoczoo's Book Emporium.
 11620 | D:10     | Found a runed translucent door.
 12023 | D:6      | Killed Sagrath01's ghost
 12421 | D:11     | Noticed Erolcha
 12876 | D:11     | Found a staircase to the Orcish Mines.
 13039 | D:11     | Killed Erolcha
 13459 | D:11     | Offered knowledge of Bolt of Cold by Vehumet.
 14043 | Lair:1   | Entered Level 1 of the Lair of Beasts
 14228 | Lair:1   | Reached skill level 11 in Air Magic
 14343 | D:10     | Bought a book of Callings for 330 gold pieces
 14350 | D:10     | Learned a level 4 spell: Summon Lightning Spire
 14629 | Lair:1   | Reached skill level 1 in Long Blades
 14832 | Lair:1   | Noticed Gastronok
 14849 | Lair:1   | Killed Gastronok
 14863 | Lair:1   | Noticed Grum
 14994 | Lair:1   | Killed Grum
 15255 | Lair:2   | Reached XP level 12. HP: 63/85 MP: 22/24
 15406 | Lair:2   | Reached skill level 5 in Evocations
 15515 | Lair:2   | Noticed a five-headed hydra
 15533 | Lair:2   | Killed a five-headed hydra
 15533 | Lair:2   | Reached skill level 5 in Fighting
 15963 | Lair:2   | Reached skill level 1 in Summonings
 15970 | Lair:2   | Reached skill level 12 in Air Magic
 16199 | Lair:2   | Found a snail-covered altar of Cheibriados.
 16694 | Lair:3   | Noticed a five-headed hydra
 16720 | Lair:2   | Killed a five-headed hydra
 17355 | Lair:3   | Learned a level 6 spell: Bolt of Cold
 18175 | Lair:4   | Found a staircase to the Snake Pit.
 18584 | Lair:4   | Found a staircase to the Swamp.
 18821 | Lair:4   | Noticed an eight-headed hydra
 18838 | Lair:4   | Killed an eight-headed hydra
 19107 | Lair:4   | Noticed a four-headed hydra
 19117 | Lair:4   | Killed a four-headed hydra
 19769 | Lair:4   | Gained mutation: You regenerate health from kills. [demonic
                  | ancestry]
 19769 | Lair:4   | Reached XP level 13. HP: 69/91 MP: 26/26
 19985 | Lair:5   | Reached skill level 13 in Air Magic
 20386 | Lair:5   | Reached skill level 5 in Dodging
 20992 | Lair:5   | Found the +9 staff of Wucad Mu {channel}
 21320 | Lair:6   | Entered Level 6 of the Lair of Beasts
 21377 | Lair:5   | Offered knowledge of Ozocubu's Refrigeration by Vehumet.
 22783 | Lair:6   | Reached skill level 10 in Spellcasting
 22945 | Lair:5   | Reached skill level 14 in Air Magic
 23005 | Lair:5   | Reached XP level 14. HP: 99/99 MP: 19/28
 23877 | Lair:6   | Found a staircase to the Slime Pits.
 25036 | D:12     | Noticed Frances
 25044 | D:12     | Killed Frances
 25202 | D:12     | Reached ****** piety under Vehumet
 25808 | Orc:1    | Entered Level 1 of the Orcish Mines
 25852 | Orc:1    | Found Wywkukke's Armour Shop.
 25961 | Orc:1    | Found a flagged portal.
 25974 | Orc:1    | Offered knowledge of Spellforged Servitor by Vehumet.
 26051 | Bailey   | Entered a bailey
 26057 | Bailey   | Noticed an orc warlord
 26278 | Bailey   | Found a runed translucent gate.
 26279 | Bailey   | Found a runed translucent gate.
 26281 | Bailey   | Found a runed translucent gate.
 26306 | Bailey   | Killed an orc warlord
 26512 | Bailey   | Got a twisted rapier
 27022 | Orc:2    | Entered Level 2 of the Orcish Mines
 27094 | Orc:2    | Found Oguheqa's Distillery.
 27109 | Orc:2    | Reached skill level 15 in Air Magic
 27178 | Orc:2    | Bought a potion of magic for 128 gold pieces
 27178 | Orc:2    | Bought a potion of heal wounds for 80 gold pieces
 27178 | Orc:2    | Bought a potion of heal wounds for 80 gold pieces
 27739 | Orc:2    | Found a staircase to the Elven Halls.
 27994 | Orc:2    | Found Tydypn's Tempting Trifles.
 28333 | Orc:2    | Found Xithrynlu's Antique Armour Shop.
 28333 | Orc:2    | Found Doxzeyl's Jewellery Emporium.
 28372 | Orc:2    | Offered knowledge of Freezing Cloud by Vehumet.
 28466 | Orc:2    | Noticed Saint Roka
 28932 | Orc:2    | Noticed Jorgrun
 28997 | Orc:2    | Killed Jorgrun
 29011 | Orc:2    | Found Jeheduu's Magic Scroll Shop.
 29011 | Orc:2    | Found Jinit's Book Emporium.
 29111 | Orc:2    | Bought a scroll of acquirement for 520 gold pieces
 29111 | Orc:2    | Bought a scroll of identify for 20 gold pieces
 29111 | Orc:2    | Bought a scroll of identify for 20 gold pieces
 29111 | Orc:2    | Identified the +1 rapier of Accidental Termination {drain,
                  | rElec rN+ Stlth-} (You found it in a bailey)
 29117 | Orc:2    | Found the +2 shield of Resistance {rF+ rC+ MR+}
 29139 | Orc:2    | Got a warped pewter ring
 29141 | Orc:2    | Identified the ring of Leshrutro {rC+ MR+} (You acquired it
                  | on level 2 of the Orcish Mines)
 29222 | Orc:2    | Found a roughly hewn altar of Beogh.
 30023 | D:13     | Reached skill level 10 in Conjurations
 30430 | D:13     | Offered knowledge of Poison Arrow by Vehumet.
 30705 | D:13     | Noticed Nessos
 30711 | D:13     | Killed Nessos
 31136 | D:14     | Found a gate to the Vaults.
 31136 | D:14     | Found Korchag's Jewellery Shoppe.
 31141 | D:14     | Reached skill level 16 in Air Magic
 31141 | D:14     | Gained mutation: Your flesh is heat resistant. (rF+)
                  | [demonic ancestry]
 31141 | D:14     | Reached XP level 15. HP: 97/105 MP: 16/29
 32557 | D:15     | Entered Level 15 of the Dungeon
 32853 | D:15     | Found an opulent altar of Gozag.
 33575 | D:15     | Offered knowledge of Bolt of Fire by Vehumet.
 34171 | D:15     | Found a staircase to the Depths.
 34572 | Swamp:1  | Entered Level 1 of the Swamp
 34951 | Swamp:1  | Reached skill level 17 in Air Magic
 35249 | Swamp:1  | Reached skill level 5 in Shields
 35497 | Swamp:1  | Gained mutation: You regenerate magic rapidly. [demonic
                  | ancestry]
 35497 | Swamp:1  | Reached XP level 16. HP: 112/113 MP: 31/31
 36985 | Swamp:2  | Noticed Nikola
 36993 | Swamp:2  | Killed Nikola
 37009 | Swamp:2  | Noticed Kirke
 37026 | Swamp:2  | Killed Kirke
 37110 | Swamp:2  | Offered knowledge of Shatter by Vehumet.
 37110 | Swamp:2  | Offered knowledge of Chain Lightning by Vehumet.
 37110 | Swamp:2  | Offered knowledge of Ignition by Vehumet.
 37124 | Swamp:2  | Learned a level 8 spell: Chain Lightning
 37179 | Swamp:2  | Noticed Roxanne
 37227 | Swamp:2  | Reached XP level 17. HP: 119/119 MP: 32/32
 37733 | Swamp:2  | Reached skill level 18 in Air Magic
 39442 | Snake:1  | Entered Level 1 of the Snake Pit
 39977 | Snake:1  | Noticed Josephine
 39990 | Snake:1  | Killed Josephine
 40410 | Snake:1  | Noticed Aizul
 40426 | Snake:1  | Killed Aizul
 41354 | Snake:2  | Noticed Vashnia
 41368 | Snake:2  | Killed Vashnia
 41797 | Snake:3  | Noticed Louise
 41810 | Snake:3  | Killed Louise
 42017 | Snake:3  | Found a runed translucent door.
 42019 | Snake:3  | Noticed Musoz's ghost (adept MfIE)
 42678 | Snake:3  | Killed Musoz's ghost
 42678 | Snake:3  | Reached skill level 19 in Air Magic
 42979 | Orc:2    | Killed Saint Roka
 43088 | Elf:1    | Entered Level 1 of the Elven Halls
 43088 | Elf:1    | Found Goaforu's Armour Boutique.
 44246 | Elf:1    | Reached XP level 18. HP: 127/127 MP: 21/33
 45224 | Elf:2    | Reached skill level 20 in Air Magic
 45269 | Elf:2    | Found a runed translucent gate.
 45269 | Elf:2    | Found a runed translucent gate.
 45269 | Elf:2    | Found a runed translucent gate.
 45540 | Elf:2    | Noticed Donald
 45551 | Elf:2    | Killed Donald
 46223 | Elf:1    | HP: 4/127 [deep elf blademaster/+0 rapier (9)]
 47659 | Snake:4  | Entered Level 4 of the Snake Pit
 49495 | Snake:4  | Noticed Asterion
 50193 | Snake:4  | Killed Asterion
 50580 | Snake:4  | Gained mutation: You are immune to clouds of flame.
                  | [demonic ancestry]
 50580 | Snake:4  | Reached XP level 19. HP: 92/133 MP: 2/35
 51260 | Snake:4  | Reached skill level 21 in Air Magic
 51746 | Snake:4  | Got a serpentine rune of Zot
 52302 | Vaults:1 | Entered Level 1 of the Vaults
 54594 | Vaults:2 | Identified the ring of Nosior {rF+ Int+6}
 54966 | Vaults:2 | Found a runed translucent gate.
 54966 | Vaults:2 | Found a runed translucent gate.
 54968 | Vaults:2 | Found a runed translucent gate.
 54970 | Vaults:2 | Noticed Mgcat's ghost (master DEEE)
 54972 | Vaults:2 | Found the +6 arbalest "Damnation" {damnation}
 54972 | Vaults:2 | Found the +2 Maxwell's thermic engine {flame, freeze}
 56359 | Vaults:2 | Found an iron altar of Okawaru.
 56394 | Vaults:3 | Reached XP level 20. HP: 140/140 MP: 25/37
 56693 | Vaults:3 | Noticed Jory
 57048 | Vaults:3 | Reached skill level 22 in Air Magic
 57324 | Vaults:3 | Killed Jory
 57945 | Vaults:3 | Found a staircase to the Crypt.
 59088 | Vaults:4 | Found the +8 storm bow {elec}
 60236 | D:14     | Bought the amulet "Gelalui" {Acrobat Str-4 Int+3 Dex+8
                  | Stlth-} for 704 gold pieces
 60519 | Swamp:4  | Entered Level 4 of the Swamp
 61949 | Swamp:4  | Got a decaying rune of Zot
 62765 | Depths:1 | Entered Level 1 of the Depths
 62840 | Depths:1 | Reached XP level 21. HP: 118/148 MP: 9/39
 62921 | Depths:1 | Found a magical portal.
 62932 | WizLab   | Entered Iskenderun's Mystic Tower
 63039 | WizLab   | Reached skill level 23 in Air Magic
 65320 | WizLab   | Identified Iskenderun's Almanac of Conjuration
 65320 | WizLab   | Identified Iskenderun's Tome of Conjuration
 65431 | WizLab   | Learned a level 7 spell: Spellforged Servitor
 65750 | Depths:1 | Found a gateway to Hell.
 65751 | Depths:1 | Found a gateway to a ziggurat.
 66640 | Depths:1 | Learned a level 7 spell: Orb of Destruction
 67149 | Depths:1 | Found a one-way gate to the infinite horrors of the Abyss.
 68029 | Orc:2    | Bought an uncursed ring of see invisible for 180 gold
                  | pieces
 68388 | Depths:1 | Upgraded the game from 0.24-a0-164-g56e1b8f to
                  | 0.24-a0-169-g71aafec
 68415 | Depths:2 | Noticed a juggernaut
 68422 | Depths:2 | HP: 5/149 [juggernaut (20)]
 68427 | Depths:2 | Slain by a spark wasp

Levels and vault maps discovered:
D:1:      dpeg_arrival_round_c, layout_loops_ring
D:2:      layout_rooms, uniq_terence
D:3:      layout_rooms, old_standard_altar
D:4:      layout_loops_ring, lemuel_doored_altar, serial_undead,
          serial_undead_d, serial_undead_b, serial_undead_e, serial_undead_e,
          serial_undead_e, serial_undead_f, serial_undead_b, dk_noncrumbling_3
D:5:      kennysheep_kobold_camp, layout_basic, nicolae_overflow_hidden_temple,
          serial_shops, nicolae_shop_waterfront, first_ration,
          minmay_door_square, uniq_grinder, uniq_eustachio
D:6:      layout_rooms, ebering_ghost_sewer_d, solitary_fountain,
          uniq_blork_the_orc
D:7:      layout_cave_pods, okawaru_ov_weapons_minmay,
          nemelex_xobeh_ov_fountains_minmay, minmay_temple_entry_arrows,
          serial_shops, shop
D:8:      layout_basic, kennysheep_mini_moat, due_lair_maze_entry_diamond,
          serial_shops, nicolae_shop_overgrown_old_shop
D:9:      layout_small_grid, zin_angel
D:10:     layout_long_grid, hellmonk_ghost_happy_afterlife, serial_shops, shop,
          grunt_pizzeria, minmay_misc_feat_diagonals, uniq_erica
D:11:     layout_long_grid, erik_orc_3, serial_co_window_serial,
          co_window_paths_b, co_window_paths_a, co_window_corner_a,
          co_window_paths_b, co_window_corner_a, co_window_of_opportunity_b,
          co_window_broadway_c, co_window_broadway_b, co_window_unsneaky_path_c,
          glass_columns_b, uniq_erolcha
D:12:     layout_long_grid, uniq_frances
D:13:     layout_roguey, minmay_variable_closet, uniq_nessos
D:14:     layout_basic, erik_vaults_1, serial_shops, shop,
          roderic_serpentine_path, onia_ninara_cookie
D:15:     grunt_enter_depths_magical_seal, layout_irregular_city, basic_altar,
          serial_bayou_lagoon_a
Lair:1:   layout_cave_pods, minivault_25, grunt_forest_small_clearing_treed,
          uniq_gastronok, uniq_grum
Lair:2:   layout_chaotic_city, lemuel_centaur_altar, grunt_megastairs_5
Lair:3:   layout_gridlike, infiniplex_staircase_pool, grunt_megastairs_1
Lair:4:   layout_roguey, nicolae_swamp_entry_splash_gauntlet,
          guppyfry_snake_entry_island
Lair:5:   layout_hall_layers, grunt_megastairs_2, minmay_lair_oklob_chamber
Lair:6:   minmay_lair_end_frog_pond, layout_gridlike,
          minmay_slime_entry_oklob_enclosed
Swamp:1:  layout_basic_swamp, evilmike_swamp_ruin_wall
Swamp:2:  layout_falls_marsh, hangedman_swamp_ruin_wall, uniq_roxanne,
          uniq_kirke, uniq_nikola
Swamp:3:  layout_falls_marsh, evilmike_swamp_ruin_house_4
Swamp:4:  swamp_basic_johnstein, layout_basic_swamp, swamp_pool3
Snake:1:  layout_misc_corridors, serial_bayou_shore_a, uniq_josephine,
          uniq_aizul
Snake:2:  layout_basic, abandoned_shop, hangedman_snake_pattern, uniq_vashnia
Snake:3:  layout_gridlike, ebering_ghost_inner_flame, nicolae_snake_double_loop,
          uniq_louise
Snake:4:  johnstein_snake_rune_scales, layout_cave_town, uniq_asterion
Orc:1:    layout_caves, serial_shops, nicolae_shop_crystal, enter_bailey_3
Orc:2:    st_orc_town, layout_diamond_mine, serial_shops, shop_statue,
          nicolae_alphabet_shops, uniq_saint_roka, uniq_jorgrun
Elf:1:    kennysheep_spiral_hall, layout_loops_cross, serial_shops,
          nicolae_shop_stone, hangedman_elf_disciples
Elf:2:    layout_gridlike, portal_desolation_entry_nicolae_nacl, uniq_donald
Vaults:1: v_alt_pattern_1, nicolae_vaults_network_barrier, v_misc_33, v_misc_12,
          v_misc_4, ontoclasm_vaults_chip, grunt_vaults_twisty,
          nicolae_vaults_little_squares_5, vaults_room_stairs_pillars,
          vaults_room_semicircle, layout_vaults_big_room
Vaults:2: gammafunk_vaults_ghost_fury_of_okawaru, v_pattern_5,
          grunt_vaults_hallway_short, nicolae_vaults_ring_of_whatevers,
          nicolae_vaults_three_branches, nicolae_vaults_disjoint_gnomons,
          v_misc_22, st_spiral_rooms, v_rooms_3, ontoclasm_vaults_hangar,
          v_misc_4, nicolae_vaults_little_squares_1,
          vaults_standard_mumra_enter_the_diamond, serial_ice_h,
          grunt_vaults_focal, ontoclasm_vaults_claustrophobia, v_misc_24,
          layout_vaults_maze
Vaults:3: v_misc_32, ontoclasm_vaults_ligature, vaults_dpeg_cross,
          minmay_crypt_entry_simple_plaza, v_misc_25, nicolae_vaults_theta,
          dpeg_vaults_monster_box, vaults_room_grunt_arrival_ludios,
          hangedman_vaults_cutoff, ontoclasm_vaults_chip,
          layout_vaults_omnigrid, uniq_jory
Vaults:4: ontoclasm_vaults_bender, v_misc_30, ontoclasm_vaults_idyll,
          nicolae_vaults_theta, hangedman_vaults_nodes,
          ontoclasm_vaults_shuriken, hangedman_vaults_capsules, v_misc_30,
          ontoclasm_vaults_loading_screen, grunt_vaults_hallway_short,
          serial_ice_b, nicolae_vaults_little_ls, layout_vaults_ring
Depths:1: layout_roguey, enter_ziggurat_a, hell_entry,
          chequers_serial_rivers_micro_c, infiniplex_enter_wizlab_spiral,
          minmay_room_of_horrors, statue_in_the_mist_lemuel, minivault_15,
          minmay_fountain_box, drop_trap, hangedman_decor_peaks_small,
          minmay_statues_item, kennysheep_small_spiral, minmay_protected_statue
Depths:2: minmay_octo_star, layout_small_grid, abyss_entry, hell_entry,
          serial_bayou_pond_b, st_stairs_14, minmay_shop_grove,
          infiniplex_staircase_zigzag_3
Bailey:   bailey_axe_bossmonster_kennysheep, bailey
WizLab:   wizlab_iskenderun

Skill      XL: |  1  2  3  4  5  6  7  8  9 10 11 12 13 14 15 16 17 18 19 20 21 |
---------------+----------------------------------------------------------------+-----
Air Magic      | 3 4 5 6 7 9 10 11 12 14 16 17 19 20 21 22 23 | 23.6
Conjurations   | 2 3 4 5 6 7 8 10 11 12 13 | 13.4
Spellcasting   | 3 4 5 6 7 8 9 10 11 12 13 14 | 14.4
Armour         | 1 3 |  3.1
Dodging        | 2 3 4 6 7 8 |  8.8
Fighting       | 1 3 4 5 6 7 8 |  8.9
Shields        | 1 2 3 4 5 6 7 |  7.9
Short Blades   | 1 2 3 |  3.5
Evocations     | 2 4 6 7 8 9 |  9.1
Long Blades    | 1 |  1.0
Summonings     | 2 3 |  3.4
Stealth        | 2 |  2.0
Ice Magic      | |  0.2

Action                   |  1- 3 |  4- 6 |  7- 9 | 10-12 | 13-15 | 16-18 | 19-21 || total
-------------------------+-------+-------+-------+-------+-------+-------+-------++-------
Melee: Unarmed           |    13 |       |       |       |       |       |       ||    13
       Dagger            |     7 |    36 |    21 |       |       |       |       ||    64
       Headbutt          |       |     4 |    14 |    47 |   160 |   118 |    83 ||   426
       Rapier            |       |       |     5 |       |   316 |   263 |   245 ||   829
       Short sword       |       |       |    35 |   220 |   295 |       |       ||   550
       Falchion          |       |       |    29 |    35 |    50 |   155 |    51 ||   320
       Scimitar          |       |       |       |       |     1 |       |       ||     1
Throw: Javelin           |       |       |       |     1 |       |       |       ||     1
 Cast: Shock             |    87 |   163 |   267 |   459 |   541 |   334 |    95 ||  1946
       Airstrike         |       |       |     8 |    76 |    87 |   229 |   313 ||   713
       Lightning Bolt    |       |       |       |    40 |   210 |   306 |   497 ||  1053
       Summon Lightning  |       |       |       |    31 |    64 |   114 |   152 ||   361
       Swiftness         |       |       |       |     3 |     3 |     1 |       ||     7
       Conjure Ball Ligh |       |       |       |       |     2 |     2 |     1 ||     5
       Bolt of Cold      |       |       |       |       |       |       |     2 ||     2
       Chain Lightning   |       |       |       |       |       |       |     2 ||     2
       Orb of Destructio |       |       |       |       |       |       |     2 ||     2
Evoke: Wand              |       |     9 |     2 |    12 |    10 |    32 |    43 ||   108
  Use: Scroll            |       |       |    17 |     9 |    19 |     7 |    17 ||    69
       Potion            |       |       |       |     1 |     1 |     5 |     6 ||    13
 Stab: Sleeping          |       |       |     1 |     1 |     3 |       |       ||     5
       Distracted        |       |       |       |     1 |     9 |     9 |    17 ||    36
       Paralysed         |       |       |       |       |       |     1 |       ||     1
  Eat: Chunk             |     4 |     7 |    10 |    48 |    77 |    68 |    58 ||   272
       Ration            |       |     1 |     1 |     1 |     6 |     8 |     5 ||    22
Armor: Robe              |     1 |       |       |       |       |       |       ||     1
       Ring mail         |       |    41 |    33 |       |       |       |       ||    74
       Leather armour    |       |       |    35 |    95 |   208 |   142 |    93 ||   573
Dodge: Dodged            |    30 |    41 |   134 |   267 |   748 |   544 |   461 ||  2225
Block: Buckler           |       |    27 |    71 |   164 |   242 |       |       ||   504
       Shield            |       |       |       |       |   249 |   540 |   383 ||  1172
       Rpst.: Falchion   |       |       |     8 |    16 |    18 |    73 |    19 ||   134

Table legend:
 A = Non-vault XP
 B = Vault XP
 C = Vault XP percentage of total XP
 D = Non-vault monster count
 E = Vault monster count
 F = Vault count percentage of total count
                 A         B        C        D         E       F
            +---------+---------+-------+---------+---------+-------
      Total |  327252 |  271176 |  45.3 |    1124 |     617 |  35.4
            +---------+---------+-------+---------+---------+-------
        D:1 |      29 |       0 |   0.0 |      14 |       0 |   0.0
        D:2 |      56 |      36 |  39.1 |      19 |       1 |   5.0
        D:3 |      63 |       0 |   0.0 |      17 |       0 |   0.0
        D:4 |     266 |     282 |  51.5 |      17 |      16 |  48.5
        D:5 |     972 |     604 |  38.3 |      22 |      23 |  51.1
        D:6 |    1298 |     884 |  40.5 |      29 |       5 |  14.7
        D:7 |     653 |       0 |   0.0 |      22 |       0 |   0.0
        D:8 |    1975 |    1039 |  34.5 |      37 |      10 |  21.3
        D:9 |     971 |       0 |   0.0 |      19 |       0 |   0.0
       D:10 |    2267 |    1128 |  33.2 |      33 |       2 |   5.7
       D:11 |    2983 |    1459 |  32.8 |      29 |      18 |  38.3
       D:12 |    4010 |    1924 |  32.4 |      35 |       1 |   2.8
       D:13 |    3880 |    1344 |  25.7 |      29 |       1 |   3.3
       D:14 |    8842 |    5888 |  40.0 |      28 |      20 |  41.7
       D:15 |   11623 |    3577 |  23.5 |      32 |       9 |  22.0
     Lair:1 |    2133 |    2730 |  56.1 |      12 |       5 |  29.4
     Lair:2 |    6228 |     516 |   7.7 |      26 |       5 |  16.1
     Lair:3 |    3487 |     137 |   3.8 |      19 |       1 |   5.0
     Lair:4 |    5058 |    1077 |  17.6 |      18 |       8 |  30.8
     Lair:5 |   13278 |    7857 |  37.2 |      50 |      28 |  35.9
     Lair:6 |    3503 |    8050 |  69.7 |      12 |      33 |  73.3
    Swamp:1 |   11886 |       0 |   0.0 |      32 |       0 |   0.0
    Swamp:2 |   17246 |    4527 |  20.8 |      63 |       3 |   4.5
    Swamp:3 |    8671 |       0 |   0.0 |      26 |       0 |   0.0
    Swamp:4 |   13403 |   17205 |  56.2 |      51 |      27 |  34.6
    Snake:1 |    9767 |    3487 |  26.3 |      34 |       7 |  17.1
    Snake:2 |    4204 |    6087 |  59.1 |       9 |       4 |  30.8
    Snake:3 |   11242 |    4796 |  29.9 |      28 |       5 |  15.2
    Snake:4 |   23471 |   29402 |  55.6 |      51 |      61 |  54.5
      Orc:1 |    3457 |      10 |   0.3 |      23 |       5 |  17.9
      Orc:2 |    1478 |   17366 |  92.2 |      18 |      69 |  79.3
      Elf:1 |   17040 |   12237 |  41.8 |      30 |      18 |  37.5
      Elf:2 |   19793 |   21755 |  52.4 |      37 |      29 |  43.9
   Vaults:1 |   12099 |    7912 |  39.5 |      21 |      15 |  41.7
   Vaults:2 |   24540 |   30006 |  55.0 |      51 |      49 |  49.0
   Vaults:3 |   20025 |   26408 |  56.9 |      40 |      38 |  48.7
   Vaults:4 |   18534 |   10762 |  36.7 |      30 |      22 |  42.3
   Depths:1 |   19013 |    5959 |  23.9 |      36 |      16 |  30.8
   Depths:2 |   17808 |    4250 |  19.3 |      25 |       4 |  13.8
     Bailey |       0 |    1969 | 100.0 |       0 |      27 | 100.0
     WizLab |       0 |   28506 | 100.0 |       0 |      32 | 100.0
            +---------+---------+-------+---------+---------+-------
